 Dungeon Crawl Stone Soup version 0.31-a0-940-gdaa99269f9 (webtiles) character file.

Game seed: 8745569474877088822

47 Shayle the Vexing (level 3, -2/36 HPs)
             Began as an Ogre Hexslinger on Oct 20, 2023.
             Slain by a gnoll
             ... wielding a +0 flail
              (6 damage)
             ... on level 2 of the Dungeon.
             The game lasted 00:03:01 (938 turns).

Shayle the Vexing (Ogre Hexslinger)                  Turns: 938, Time: 00:03:02

Health: -2/36      AC:  3    Str:  9 (12) XL:     3   Next: 70%
Magic:  6/6        EV: 10    Int: 14 (16) God:
Gold:   83         SH:  0    Dex:  8 (11) Spells: 6/6 levels left

rFire   . . .        a - +1 sling
rCold   . . .        (no shield)
rNeg    . . .        c - +0 robe
rPois   .            (helmet restricted)
rElec   .            (no cloak)
rCorr   .            (gloves unavailable)
SInv    .            (boots unavailable)
Will    .....        (no amulet)
Stlth   +            (no ring)
HPRegen 0.26/turn    (no ring)
MPRegen 0.10/turn

%: no passive effects
@: no status effects
A: large, unfitting armour, tough skin 1
a: no special abilities


You were on level 2 of the Dungeon.
You visited 1 branch of the dungeon, and saw 2 of its levels.

You collected 83 gold pieces.

Inventory:

Hand Weapons
 a - a +1 sling (weapon)
 j - a +0 morningstar
Armour
 c - a +0 robe (worn)
Jewellery
 i - a ring of positive energy
Talismans
 d - a flux talisman
Scrolls
 e - a scroll of butterflies {unknown}
 g - a scroll of blinking {unknown}
 h - 3 scrolls of revelation {unknown}
 k - a scroll of amnesia {unknown}
 l - a scroll of identify {unknown}


   Skills:
 + Level 2.5 Fighting
 + Level 1.2 Maces & Flails
 - Level 1.3 Ranged Weapons
 + Level 2.3 Dodging
 + Level 2.1 Spellcasting
 - Level 2.6 Hexes
 - Level 0.8 Fire Magic


You had 6 spell levels left.
You didn't know any spells.
Your spell library contained the following spells:

 Spells                   Type           Power      Damage    Failure   Level
 Jinxbite                 Hex            18%        N/A       12%         2
 Sigil of Binding         Hex            9%         N/A       24%         3
 Static Discharge         Conj/Air       2%         3-4/arc   34%         2
 Inner Flame              Hex/Fire       6%         N/A       34%         3
 Cause Fear               Hex            4%         N/A       61%         4
 Dimensional Bullseye     Hex/Tloc       2%         N/A       80%         4
 Airstrike                Air            0%         2d(1-17)  93%         4
 Summon Lightning Spire   Summ/Air       1%         N/A       93%         4


Dungeon Overview and Level Annotations

Branches:
Dungeon (2/15)

Altars:


Innate Abilities, Weirdness & Mutations

You are too large for most types of armour.
You have tough skin. (AC +1)


Message History

The sling bullet completely misses the gnoll.
A gnoll comes into view. It is wielding a +0 club.
You shoot a sling bullet.
The sling bullet barely misses the gnoll.
The gnoll shouts!
The sling bullet hits the gnoll.
The gnoll is lightly wounded.
You shoot a sling bullet.
The sling bullet barely misses the gnoll.
The sling bullet hits the gnoll.
The gnoll is heavily wounded.
The gnoll hits you with a +0 flail!
You shoot a sling bullet.
The sling bullet closely misses the gnoll.
The sling bullet barely misses the gnoll.
The gnoll barely misses you. The gnoll hits you with a +0 flail!
You are too injured to fight recklessly!
You are too injured to fight recklessly!
The air fills with toxic fumes!
As you read the scroll of poison, it crumbles to dust.
The gnoll barely misses you.
It was a potion of degeneration.
There was something very wrong with that liquid.
You feel weakened.
You feel dopey.
You feel clumsy. The gnoll hits you with a +0 flail!
* * * LOW HITPOINT WARNING * * *
Okay, then.
You shoot a sling bullet. The sling bullet hits the gnoll.
The gnoll is moderately wounded.
The gnoll closely misses you.
You shoot a sling bullet.
The sling bullet hits the gnoll but does no damage.
The gnoll is moderately wounded.
The gnoll hits you with a +0 flail.
* * * LOW HITPOINT WARNING * * *
You shoot a sling bullet.
The sling bullet hits the gnoll but does no damage.
The gnoll is moderately wounded.
The gnoll closely misses you. The gnoll hits you with a +0 flail.
You die...

######## #########+
#§§§§§§# #.........
#######§§§§§§# #.........
#....##§§§§☼§# #.........
#....##§§§§§§###...[.....
#....##§§§§§§+...........
#....##§☼§§§§####'#†##...
#....##§@§§§§+.##.#.##...
#....##§g§§§§#.#.)#.##...
#....##§§§§§§#.#.##.##...
#.....§§g§§#☼§§§.....+...
#....§§§§§§§.§§§....##...
#...§§§§§§§#####)#####...
##.§§§§§☼§§#####.#.......
#§§☼§§#§§§§..##.#.##....
#.....#......##.# #....


You could see 2 gnolls.

Vanquished Creatures
  2 gnolls (D:2)
  An adder (D:2)
  A worm (D:2)
  A giant cockroach (D:1)
  A goblin (D:1)
  3 hobgoblins
  A quokka (D:2)
  2 bats (D:1)
  A kobold (D:2)
  5 rats (D:1)
18 creatures vanquished.

Notes
Turn   | Place    | Note
-------+----------+-------------------------------------------
     0 | D:1      | Shayle the Ogre Hexslinger began the quest for the Orb.
     0 | D:1      | Reached XP level 1. HP: 19/19 MP: 2/2
   410 | D:1      | Reached XP level 2. HP: 28/28 MP: 4/4
   751 | D:2      | Reached XP level 3. HP: 27/35 MP: 5/5
   800 | D:2      | Reached skill level 1 in Maces & Flails
   938 | D:2      | Slain by a gnoll

Illustrated notes

Levels and vault maps discovered:
D:1:      lemuel_arrival_lava_pool, layout_basic
D:2:      layout_basic, basic_altar, shapermc_ecumenical_altar_ellora

Skill      XL: |  1  2  3 |
---------------+----------+-----
Dodging        | 2 |  2.3
Fighting       | 2 |  2.5
Maces & Flails | 1 |  1.2
Spellcasting   | 2 |  2.1
Ranged Weapons | |  1.3
Hexes          | |  2.6
Fire Magic     | |  0.8

Action                     || total
---------------------------++-------
   Fire: Sling             ||    80
    Use: Scroll            ||     1
         Potion            ||     1
 Armour: Robe              ||    33
  Dodge: Dodged            ||    25

Table legend: (Time is in decaauts)
 A = Elapsed time spent in this place.
 B = Non-inter-level travel time spent in this place.
 C = Inter-level travel time spent in this place.
 D = Time resting spent in this place.
 E = Time spent auto-exploring this place.
 F = Levels seen in this place.
 G = Mean time per level.
                   A        B        C        D        E       F      G
               +--------+--------+--------+--------+--------+-----+--------+
         Total |    963 |    939 |     24 |      0 |    702 |   2 |  481.5 |
       Dungeon |    963 |    939 |     24 |      0 |    702 |   2 |  481.5 |
               +--------+--------+--------+--------+--------+-----+--------+

Top non-repeatable levels by time:
     D:1: 709 daAuts
     D:2: 254 daAuts
